[Event "23rd ETCC Women 2021"]
[Site "Catez"]
[Date "2021.11.15"]
[Round "4.41"]
[White "Injac, Teodora"]
[Black "Unuk, Laura"]
[Result "1/2-1/2"]
[ECO "A07"]
[WhiteElo "2387"]
[BlackElo "2353"]
[Annotator "ChessBase"]
[PlyCount "116"]
[EventDate "2021.11.08"]
[EventType "team-tourn"]
[EventCountry "SLO"]
[SourceTitle "playchess.com"]
[Source "ChessBase"]
[SourceQuality "1"]
[WhiteTeam "Serbia"]
[BlackTeam "Slovenia"]
[WhiteTeamCountry "SRB"]
[BlackTeamCountry "SLO"]
[TimeControl "40/5400+30:1800+30"]

1. Nf3 Nf6 2. g3 d5 3. Bg2 g6 4. O-O Bg7 5. c4 dxc4 6. Na3 Be6 7. Qc2 O-O 8. Nxc4 c5 9. d3 Nc6 10. Nce5 Nxe5 11. Nxe5 Nd5 12. Nf3 Rc8 13. a3 h6 14. e4 Nb6 15. Bd2 Qd7 16. Bc3 Rfd8 17. Bxg7 Kxg7 18. Rfd1 Bg4 19. Qc3+ f6 20. Rac1 e5 21. Qa5 Qa4 22. Qc3 Nd7 23.
h3 Bxf3 24. Bxf3 Nf8 25. Bg4 Rc6 26. Rd2 Qd4 27. Qa5 h5 28.
Bd1 Ne6 29. Kg2 Qd7 30. Ba4 Ng5 31. Rh1 Nxe4 32. Bxc6 bxc6 33. Rdd1 Ng5 34. Qxc5 Ne6 35. Qe3 a5 36. Rc1 Rb8 37. Qe4 Nd4 38.
Rb1 Rb5 39. b4 f5 40. Qe3 Nc2 41. Qf3 Nd4 42. Qe3 Qd5+ 43. f3 Qa2+ 44. Qf2 Qxa3 45. bxa5 Rxa5 46. Qd2 Qa2 47. Rb7+ Kf6 48. Rb2 Qd5 49. Rf1 Ne6 50. Qh6 Ra8 51. Rb7 Rg8 52. Qh7 Rg7 53. Qh8 Qd6 54. Ra1 Qxd3 55. Rxg7 Qe2+ 56. Kg1 Qe3+ 57. Kg2 Qe2+ 58. Kg1 Qe3+ 1/2-1/2

[Event "23rd ETCC Women 2021"]
[Site "Catez"]
[Date "2021.11.15"]
[Round "4.42"]
[White "Urh, Zala"]
[Black "Eric, Jovana"]
[Result "0-1"]
[ECO "E20"]
[WhiteElo "2332"]
[BlackElo "2253"]
[Annotator "ChessBase"]
[PlyCount "112"]
[EventDate "2021.11.08"]
[EventType "team-tourn"]
[EventCountry "SLO"]
[SourceTitle "playchess.com"]
[Source "ChessBase"]
[SourceQuality "1"]
[WhiteTeam "Slovenia"]
[BlackTeam "Serbia"]
[WhiteTeamCountry "SLO"]
[BlackTeamCountry "SRB"]
[TimeControl "40/5400+30:1800+30"]

1. d4 Nf6 2. c4 e6 3. Nc3 Bb4 4. g3 c5 5. Nf3 O-O 6. Bg2 cxd4 7. Nxd4 Qc7 8.
Qd3 Nc6 9. Nxc6 dxc6 10. O-O e5 11. b3 Be6 12. Bb2 a5 13.
e4 Nd7 14. a3 Be7 15. Nd1 Nc5 16. Qc2 a4 17. bxa4 Nxa4 18. Bc1 Bc5 19. Be3 Qe7 20. Bxc5 Qxc5 21. Ne3 Nb6 22. Rfb1 Ra7 23. Bf1 Rfa8 24. Qb2 Nd7 25. a4 Nf6 26. Bg2 g6 27. h3 Nd7 28. Bf1 Qe7 29. Nd1 f6 30.
Nc3 Nc5 31. Qb4 Ra5 32. Rd1 Kf7 33. Rdb1 R8a7 34. Qb6 Bc8 35. Qb4 Ne6 36. Qb6 Qc5 37. Qb2 Nd4 38. Kh1 Be6 39. Rc1 Qd6 40. Rd1 Qd7 41. h4 Kg7 42. f3 Qf7 43. Bg2 Bxc4 44. f4 b5 45.
Rac1 Bb3 46. Rf1 exf4 47. gxf4 bxa4 48. e5 fxe5 49. fxe5 Qe7 50. Ne4 Qxe5 51. Qf2 Nf5 52. Rce1 Qd4 53. Qf4 Rf7 54. Qb8 Nxh4 55. Nd6 Nxg2 56. Ne8+ Kh6 0-1

[Event "23rd ETCC Women 2021"]
[Site "Catez"]
[Date "2021.11.15"]
[Round "4.43"]
[White "Manakova, Maria"]
[Black "Janzelj, Lara"]
[Result "0-1"]
[ECO "A54"]
[WhiteElo "2289"]
[BlackElo "2150"]
[Annotator "NA"]
[PlyCount "130"]
[EventDate "2021.11.08"]
[EventType "team-tourn"]
[EventCountry "SLO"]
[SourceTitle "playchess.com"]
[Source "ChessBase"]
[SourceQuality "1"]
[WhiteTeam "Serbia"]
[BlackTeam "Slovenia"]
[WhiteTeamCountry "SRB"]
[BlackTeamCountry "SLO"]
[TimeControl "40/5400+30:1800+30"]

1. c4 e5 2. Nc3 Nf6 3. e3 Be7 4. Nf3 d6 5. d4 Nbd7 6. Bd3 O-O 7. Qc2 c6 8. O-O Re8 9. b3 Bf8 10. Ng5 g6 11. f4 Bh6 12. Qf2 Qe7 13.
Bd2 Kg7 14. Rae1 Ng8 15. fxe5 Bxg5 16. exd6 Qf6 17. Ne4 Qxf2+ 18. Rxf2 Bd8 19. Bc3 f5 20. d5+ Ne5 21. Nc5 Nf6 22. dxc6 bxc6 23. Rd2 Nfd7 24. Na4 Kf7 25. Bc2 c5 26. Rf1 Bg5 27. Re2 Bb7 28. e4 Kg8 29. Rfe1 f4 30. Rf1 Bh6 31. Bd2 g5 32. h4 Rf8 33. hxg5 Bxg5 34. Ref2 Ng6 35. g3 Bf6 36. Bc3 Bxc3 37. Nxc3 fxg3 38. Rxf8+ Rxf8 39. Rxf8+ Kxf8 40. Kg2 h5 41. Kxg3 Kf7 42. a3 h4+ 43. Kh3 Bc8 44. b4 Kf6 45. Nd5+ Kg5 46. bxc5 Nxc5+ 47. Kh2 Ne5 48. a4 Nxc4 49. e5 Nxe5 50. Bd1 Bd7 51. a5 Nb7 52. a6 Nxd6 53. Nb4 Ng4+ 54. Kg1 Kf4 55. Nd5+ Kg3 56. Nc3 h3 57. Ne2+ Kh4 58. Nd4 Ne4 59. Bf3 Ng3 60. Bh1 Nxh1 61. Kxh1 Bc8 62. Kg1 Bxa6 63. Nf5+ Kg5 64. Ng3 Bb7 65. Nf1 Kh4 0-1

[Event "23rd ETCC Women 2021"]
[Site "Catez"]
[Date "2021.11.15"]
[Round "4.44"]
[White "Rozman, Monika"]
[Black "Gajcin, Marina"]
[Result "1/2-1/2"]
[ECO "B45"]
[WhiteElo "2112"]
[BlackElo "2198"]
[Annotator "NA"]
[PlyCount "109"]
[EventDate "2021.11.08"]
[EventType "team-tourn"]
[EventCountry "SLO"]
[SourceTitle "playchess.com"]
[Source "ChessBase"]
[SourceQuality "1"]
[WhiteTeam "Slovenia"]
[BlackTeam "Serbia"]
[WhiteTeamCountry "SLO"]
[BlackTeamCountry "SRB"]
[TimeControl "40/5400+30:1800+30"]

1. e4 c5 2. Nc3 e6 3. Nge2 Nc6 4. d4 cxd4 5. Nxd4 Nf6 6. Be2 Bb4 7. Nxc6 bxc6 8. O-O e5 9. Qd3 O-O 10. Rd1 Re8 11. Bg5 h6 12. Bh4 Be7 13.
Bxf6 Bxf6 14. Bg4 Qc7 15. Qc4 d6 16. Nd5 Qd8 17. Ne3 Bxg4 18.
Nxg4 Rc8 19. Rd3 Bg5 20. Rad1 Re6 21. g3 h5 22. Ne3 Bxe3 23.
Rxe3 Re7 24. Qa6 Rd7 25. Red3 Rcc7 26. c4 Kf8 27. Qa3 c5 28. Qa6 Ke7 29. Rd5 Qc8 30. Qa3 Rd8 31. Qe3 f6 32. f4 Qg4 33. h3 Qg6 34. Kh2 Rcd7 35. Rf1 Qh6 36. Qf2 Qg6 37. Qf3 Rb8 38.
Rf2 Rdd8 39. Rfd2 Rd7 40. Qe3 Rbd8 41. Rd1 Qh6 42. Rf1 Rb8 43. b3 Qg6 44. Rf2 Qh6 45. Qc3 Rdb7 46. Rd1 Qg6 47. Qd3 Rd7 48. Qd5 h4 49. gxh4 exf4 50. Rxf4 Rh8 51. Rg4 Qf7 52. Rdg1 Qxd5 53. exd5 Kf8 54. Re1 Rh5 55. Kg3 1/2-1/2

[Event "23rd ETCC Women 2021"]
[Site "Catez"]
[Date "2021.11.15"]
[Round "4.45"]
[White "Roebers, Eline"]
[Black "Dolzhikova, Olga"]
[Result "1-0"]
[ECO "B15"]
[WhiteElo "2304"]
[BlackElo "2187"]
[Annotator "NA"]
[PlyCount "55"]
[EventDate "2021.11.08"]
[EventType "team-tourn"]
[EventCountry "SLO"]
[SourceTitle "playchess.com"]
[Source "ChessBase"]
[SourceQuality "1"]
[WhiteTeam "Netherlands"]
[BlackTeam "Norway"]
[WhiteTeamCountry "NED"]
[BlackTeamCountry "NOR"]
[TimeControl "40/5400+30:1800+30"]

1. e4 g6 2. d4 Bg7 3. Nc3 c6 4. Nf3 d5 5. h3 dxe4 6. Nxe4 Nd7 7. Bc4 Nb6 8.
Bb3 Nh6 9. O-O Nf5 10. c3 Nd5 11. Re1 O-O 12. Qe2 Re8 13. Bg5 h6 14. Bd2 a5 15. Rad1 Qc7 16. Bc1 b6 17. a3 Bb7 18. g4 Nd6 19. Nxd6 Qxd6 20. Ne5 e6 21. c4 Nf6 22. Qf3 Qc7 23. Bf4 g5 24. Bh2 Qe7 25.
Nxc6 Qf8 26. d5 Bxc6 27. dxc6 Rac8 28. Bd6 1-0

[Event "23rd ETCC Women 2021"]
[Site "Catez"]
[Date "2021.11.15"]
[Round "4.47"]
[White "Van Foreest, Machteld"]
[Black "Machlik, Edit"]
[Result "1-0"]
[ECO "B28"]
[WhiteElo "2141"]
[BlackElo "2087"]
[Annotator "NA"]
[PlyCount "83"]
[EventDate "2021.11.08"]
[EventType "team-tourn"]
[EventCountry "SLO"]
[SourceTitle "playchess.com"]
[Source "ChessBase"]
[SourceQuality "1"]
[WhiteTeam "Netherlands"]
[BlackTeam "Norway"]
[WhiteTeamCountry "NED"]
[BlackTeamCountry "NOR"]
[TimeControl "40/5400+30:1800+30"]

1. e4 c5 2. Nf3 Nc6 3. Nc3 a6 4. d4 cxd4 5. Nxd4 e5 6. Nf5 d6 7. Ne3 Nf6 8. Ned5 Be7 9. Be3 O-O 10. Bb6 Qd7 11. Qd2 Nxd5 12. Nxd5 Qg4 13. f3 Bh4+ 14. g3 Qxf3 15. Bg2 Bxg3+ 16. hxg3 Qxg3+ 17. Qf2 Qxf2+ 18. Kxf2 f5 19. Raf1 Be6 20. Nc7 Bc4 21. Nxa8 fxe4+ 22. Ke3 Bxf1 23. Bxf1 Rxa8 24. Bc4+ Kh8 25. Rf1 Nb4 26. c3 Nd3 27. Kxe4 Nf4 28. Be3 g5 29. Bxf4 gxf4 30. Kd5 Kg7 31. Ke6 Re8+ 32. Kd7 Rf8 33. Ke7 Rf6 34. Bd5 b6 35. Rh1 h6 36. Be4 Rf7+ 37. Kxd6 Kf6 38. Rh5 Kg7 39. Kxe5 f3 40. Rf5 f2 41. Rxf7+ Kxf7 42. Bd3 1-0

[Event "23rd ETCC Women 2021"]
[Site "Catez"]
[Date "2021.11.15"]
[Round "4.48"]
[White "Rodsmoen, Maud"]
[Black "Lanchava, Tea"]
[Result "1-0"]
[ECO "B06"]
[WhiteElo "1953"]
[BlackElo "2215"]
[Annotator "NA"]
[PlyCount "65"]
[EventDate "2021.11.08"]
[EventType "team-tourn"]
[EventCountry "SLO"]
[SourceTitle "playchess.com"]
[Source "ChessBase"]
[SourceQuality "1"]
[WhiteTeam "Norway"]
[BlackTeam "Netherlands"]
[WhiteTeamCountry "NOR"]
[BlackTeamCountry "NED"]
[TimeControl "40/5400+30:1800+30"]

1. e4 g6 2. d4 Bg7 3. Nc3 d6 4. f4 a6 5. Nf3 b5 6. Bd3 Nd7 7. O-O c5 8. e5 cxd4 9. Be4 dxc3 10. Bxa8 Qc7 11. Qd4 dxe5 12. fxe5 Nxe5 13. Qxc3 Qxc3 14. bxc3 Nxf3+ 15. Rxf3 f5 16. a4 b4 17. Bd2 bxc3 18.
Bxc3 Nf6 19. Bc6+ Kf7 20. Re1 g5 21. Rfe3 e6 22. Rd3 h5 23.
Be5 Bf8 24. Bd6 Bg7 25. c4 h4 26. c5 g4 27. Rb1 a5 28. Bb7 Kg6 29. c6 Ne4 30. Bc7 Bf8 31. Bb6 Nc5 32. Rd8 Bxb7 33. Rxf8 1-0

[Event "23rd ETCC Women 2021"]
[Site "Catez"]
[Date "2021.11.15"]
[Round "4.49"]
[White "Cvitan, Ena"]
[Black "Georgescu, Lena"]
[Result "1/2-1/2"]
[ECO "D39"]
[WhiteElo "2234"]
[BlackElo "2262"]
[Annotator "NA"]
[PlyCount "62"]
[EventDate "2021.11.08"]
[EventType "team-tourn"]
[EventCountry "SLO"]
[SourceTitle "playchess.com"]
[Source "ChessBase"]
[SourceQuality "1"]
[WhiteTeam "Croatia"]
[BlackTeam "Switzerland"]
[WhiteTeamCountry "CRO"]
[BlackTeamCountry "SUI"]
[TimeControl "40/5400+30:1800+30"]

1. d4 Nf6 2. c4 e6 3. Nf3 d5 4. Nc3 Bb4 5. Bg5 dxc4 6. e4 h6 7. Bxf6 Qxf6 8.
Bxc4 c5 9. O-O cxd4 10. Nb5 Qe7 11. Nbxd4 O-O 12. Qe2 a6 13. e5 b5 14. Bd3 Bb7 15. Be4 Ra7 16. Rac1 Bc5 17. Bxb7 Rxb7 18. Qe4 Rc7 19. Rc2 Rfc8 20. Rfc1 Bxd4 21. Nxd4 Rxc2 22. Rxc2 Rxc2 23. Qxc2 Qd7 24. Nf3 Nc6 25. h3 Qd5 26. b3 Kf8 27. Qe2 Ke7 28. Qe3 Qd1+ 29. Kh2 Qd5 30. Kg1 Qd1+ 31. Kh2 Qd5 1/2-1/2

[Event "23rd ETCC Women 2021"]
[Site "Catez"]
[Date "2021.11.15"]
[Round "4.50"]
[White "Hakimifard, Ghazal"]
[Black "Medic, Mirjana"]
[Result "1-0"]
[ECO "C08"]
[WhiteElo "2267"]
[BlackElo "2196"]
[Annotator "NA"]
[PlyCount "55"]
[EventDate "2021.11.08"]
[EventType "team-tourn"]
[EventCountry "SLO"]
[SourceTitle "playchess.com"]
[Source "ChessBase"]
[SourceQuality "1"]
[WhiteTeam "Switzerland"]
[BlackTeam "Croatia"]
[WhiteTeamCountry "SUI"]
[BlackTeamCountry "CRO"]
[TimeControl "40/5400+30:1800+30"]

1. e4 e6 2. d4 d5 3. Nd2 c5 4. exd5 exd5 5. Ngf3 Nf6 6. Bb5+ Bd7 7. Bxd7+ Nbxd7 8. O-O Be7 9. dxc5 Nxc5 10. Nb3 Nce4 11. Nfd4 Qd7 12. f3 Nd6 13. Nc5 Qc8 14. Nd3 O-O 15. Re1 Re8 16. Be3 Nc4 17. Bf2 Qd7 18. b3 Nb6 19. Qd2 Bd6 20. a4 Rxe1+ 21. Rxe1 Re8 22. Rxe8+ Qxe8 23. Nb5 Qb8 24. g3 Nc8 25. Bd4 Ne8 26. Qe3 Kf8 27. Nc5 Nb6 28. a5 1-0

[Event "23rd ETCC Women 2021"]
[Site "Catez"]
[Date "2021.11.15"]
[Round "4.51"]
[White "Berke, Ana"]
[Black "Stoeri, Laura"]
[Result "0-1"]
[ECO "B33"]
[WhiteElo "2135"]
[BlackElo "2130"]
[Annotator "ChessBase"]
[PlyCount "114"]
[EventDate "2021.11.08"]
[EventType "team-tourn"]
[EventCountry "SLO"]
[SourceTitle "playchess.com"]
[Source "ChessBase"]
[SourceQuality "1"]
[WhiteTeam "Croatia"]
[BlackTeam "Switzerland"]
[WhiteTeamCountry "CRO"]
[BlackTeamCountry "SUI"]
[TimeControl "40/5400+30:1800+30"]

1. e4 c5 2. Nf3 Nc6 3. d4 cxd4 4. Nxd4 Nf6 5. Nc3 e5 6. Nf3 Bb4 7. Bc4 Qa5 8. Bd2 Qc5 9. Bd5 O-O 10. O-O Bxc3 11. Bxc3 d6 12. Qd3 Ne7 13. Bb3 Ng6 14. Bd2 Bd7 15. Bg5 Ne8 16. h4 h6 17. Be3 Qc7 18.
h5 Ne7 19. Nh4 Be6 20. f4 exf4 21. Rxf4 Bxb3 22. Qxb3 d5 23. Raf1 Rd8 24. Ng6 Nxg6 25. hxg6 Nf6 26. e5 Qxe5 27. Bd4 Qg5 28. Qxb7 fxg6 29. Qc6 Rde8 30. Qc3 Re2 31. Qf3 Rxc2 32. a4 h5 33. a5 a6 34. Bc3 Kh7 35. Qh3 Kh6 36. Bd4 Re8 37. Bxf6 gxf6 38. Rxf6 Ree2 39. R6f2 Rxf2 40. Rxf2 Rxf2 41. Kxf2 Qd2+ 42. Kg1 Qxb2 43.
Qe3+ Kh7 44. Qa7+ Kh6 45. Qe3+ Kh7 46. Qa7+ Qg7 47. Qxa6 Qd4+ 48. Kh2 Qh4+ 49. Kg1 d4 50. Qa7+ Kh6 51. a6 Qe1+ 52. Kh2 Qe5+ 53. Kg1 d3 54. Qa8 d2 55. Qf8+ Kh7 56. Qf7+ Qg7 57. Qd5 Qa1+ 0-1

[Event "23rd ETCC Women 2021"]
[Site "Catez"]
[Date "2021.11.15"]
[Round "4.53"]
[White "Atalik, Ekaterina"]
[Black "Ptacnikova, Lenka"]
[Result "0-1"]
[ECO "E11"]
[WhiteElo "2430"]
[BlackElo "2200"]
[Annotator "NA"]
[PlyCount "78"]
[EventDate "2021.11.08"]
[EventType "team-tourn"]
[EventCountry "SLO"]
[SourceTitle "playchess.com"]
[Source "ChessBase"]
[SourceQuality "1"]
[WhiteTeam "Turkey"]
[BlackTeam "Iceland"]
[WhiteTeamCountry "TUR"]
[BlackTeamCountry "ISL"]
[TimeControl "40/5400+30:1800+30"]

1. d4 Nf6 2. Nf3 e6 3. c4 Bb4+ 4. Bd2 Qe7 5. g3 Nc6 6. Nc3 Bxc3 7. Bxc3 Ne4 8. Rc1 d6 9. Bg2 O-O 10. d5 Nxc3 11. Rxc3 Nb8 12. O-O e5 13. Qc2 Nd7 14. b4 Nf6 15. Nd2 Bd7 16. c5 a5 17. cxd6 cxd6 18.
Rb1 axb4 19. Rxb4 b5 20. e4 Ra7 21. Nb1 Rfa8 22. a3 h6 23.
Bf1 Ra4 24. Rxa4 bxa4 25. Rc4 Qe8 26. Nc3 Rc8 27. Qb2 Rxc4 28.
Bxc4 Qc8 29. Qb4 Bh3 30. f3 Qc7 31. Nd1 Qa7+ 32. Kh1 Nd7 33.
Be2 h5 34. Qxd6 f6 35. Qb4 Nc5 36. Nf2 Bd7 37. Kg2 Nb3 38. Bd1 Nd4 39. Qe7 Bh3+ 0-1

[Event "23rd ETCC Women 2021"]
[Site "Catez"]
[Date "2021.11.15"]
[Round "4.54"]
[White "Thorsteinsdottir, Hallgerdur"]
[Black "Caglar, Sila"]
[Result "1/2-1/2"]
[ECO "B40"]
[WhiteElo "2010"]
[BlackElo "2250"]
[Annotator "NA"]
[PlyCount "83"]
[EventDate "2021.11.08"]
[EventType "team-tourn"]
[EventCountry "SLO"]
[SourceTitle "playchess.com"]
[Source "ChessBase"]
[SourceQuality "1"]
[WhiteTeam "Iceland"]
[BlackTeam "Turkey"]
[WhiteTeamCountry "ISL"]
[BlackTeamCountry "TUR"]
[TimeControl "40/5400+30:1800+30"]

1. e4 c5 2. Nf3 e6 3. g3 Nc6 4. Bg2 Nf6 5. Qe2 d5 6. exd5 Nxd5 7. O-O Be7 8.
Rd1 Bf6 9. Nc3 O-O 10. Ne4 b6 11. c3 Bb7 12. d4 cxd4 13. Nxf6+ Qxf6 14. Nxd4 Rad8 15. Nxc6 Bxc6 16. c4 Ne7 17. Bf4 Bxg2 18. Kxg2 Nc6 19. Bd6 Rfe8 20. Qe4 Rc8 21. b4 e5 22. Rd5 Qe6 23. Rad1 f6 24. c5 Nd4 25. Re1 Nb5 26. Re3 Rcd8 27. Red3 bxc5 28. bxc5 Nxd6 29. cxd6 Rd7 30. Qa4 Red8 31. Ra5 Rxd6 32. Rxd6 Qxd6 33. Qb3+ Kf8 34. Rxa7 Qd5+ 35. Qxd5 Rxd5 36. a4 Rd3 37. a5 Ra3 38. a6 Kg8 39. h4 h5 40. Kf1 Ra2 41. Kg2 Ra3 42. Kf1 1/2-1/2

[Event "23rd ETCC Women 2021"]
[Site "Catez"]
[Date "2021.11.15"]
[Round "4.55"]
[White "Kocyigit, Buse Naz"]
[Black "Johannsdottir, Johanna Bjorg"]
[Result "0-1"]
[ECO "B06"]
[WhiteElo "2034"]
[BlackElo "1952"]
[Annotator "NA"]
[PlyCount "102"]
[EventDate "2021.11.08"]
[EventType "team-tourn"]
[EventCountry "SLO"]
[SourceTitle "playchess.com"]
[Source "ChessBase"]
[SourceQuality "1"]
[WhiteTeam "Turkey"]
[BlackTeam "Iceland"]
[WhiteTeamCountry "TUR"]
[BlackTeamCountry "ISL"]
[TimeControl "40/5400+30:1800+30"]

1. Nf3 g6 2. d4 Bg7 3. e4 d6 4. Nc3 a6 5. Be3 b5 6. Bd3 Bb7 7. a4 b4 8. Ne2 Nd7 9. Qd2 c5 10. c3 a5 11. O-O Rc8 12. Rae1 c4 13.
Bb1 b3 14. Ng3 h6 15. h4 e6 16. h5 g5 17. d5 e5 18. Nf5 Bf8 19. Qe2 Qc7 20.
Nd2 Ngf6 21. g3 Rg8 22. Kh1 g4 23. Bxh6 Bxh6 24. Nxh6 Rg5 25. Nf5 Nxh5 26. Qxc4 Nc5 27. Qe2 Ba6 28. c4 Nxa4 29. Qe3 f6 30.
f4 gxf3 31. Rxf3 Rd8 32. Re2 Nxb2 33. Qxb3 Rb8 34. Qc2 a4 35. Rh2 Qc5 36. Qc1 Kf7 37. Ba2 Bc8 38. Nf1 Bxf5 39. exf5 Qd4 40. Rd2 Qg4 41. Qc3 e4 42. Re3 Nd3 43. Qd4 Nc5 44. Kg1 Nf4 45. Rh2 Qxf5 46. Nd2 Nh3+ 47. Kh1 Rh8 48. Qb2 Nf2+ 49. Kg1 Rxh2 50. Nf1 Rh1+ 51. Kg2 Qh3+ 0-1

[Event "23rd ETCC Women 2021"]
[Site "Catez"]
[Date "2021.11.15"]
[Round "4.56"]
[White "Acevedo Mendez, Lisseth"]
[Black "Onur, Cigdem"]
[Result "0-1"]
[ECO "B42"]
[WhiteElo "1803"]
[BlackElo "2015"]
[Annotator "NA"]
[PlyCount "80"]
[EventDate "2021.11.08"]
[EventType "team-tourn"]
[EventCountry "SLO"]
[SourceTitle "playchess.com"]
[Source "ChessBase"]
[SourceQuality "1"]
[WhiteTeam "Iceland"]
[BlackTeam "Turkey"]
[WhiteTeamCountry "ISL"]
[BlackTeamCountry "TUR"]
[TimeControl "40/5400+30:1800+30"]

1. e4 c5 2. Nf3 e6 3. d4 cxd4 4. Nxd4 a6 5. Bd3 Nf6 6. O-O Qc7 7. Qe2 d6 8. c4 Nbd7 9. b3 Be7 10. Bb2 O-O 11. Nc3 Nc5 12. Bc2 e5 13.
Nf5 Ne6 14. Nd5 Nxd5 15. exd5 Nf4 16. Qf3 Bf6 17. Ba3 Rd8 18. Rae1 g6 19. Nh6+ Kg7 20. Ng4 Bxg4 21. Qxg4 Nxd5 22. Bxg6 hxg6 23. cxd5 Qa5 24. Qb4 Qxd5 25. Rd1 Qb5 26. Rxd6 Rxd6 27. Qxd6 Rd8 28. Qb4 Qe2 29. g3 Qxa2 30. Rc1 b5 31. Rc6 a5 32. Qc5 b4 33. Bc1 Qxb3 34. Qxa5 Qf3 35. Bh6+ Kxh6 36. Rc1 Rd1+ 37. Rxd1 Qxd1+ 38. Kg2 b3 39. Qb4 Kg7 40. h4 e4 0-1

[Event "23rd ETCC Women 2021"]
[Site "Catez"]
[Date "2021.11.15"]
[Round "4.57"]
[White "Novkovic, Julia"]
[Black "Hrescak, Ivana"]
[Result "0-1"]
[ECO "B51"]
[WhiteElo "2082"]
[BlackElo "2138"]
[Annotator "NA"]
[PlyCount "76"]
[EventDate "2021.11.08"]
[EventType "team-tourn"]
[EventCountry "SLO"]
[SourceTitle "playchess.com"]
[Source "ChessBase"]
[SourceQuality "1"]
[WhiteTeam "Austria"]
[BlackTeam "Slovenia"]
[WhiteTeamCountry "AUT"]
[BlackTeamCountry "SLO"]
[TimeControl "40/5400+30:1800+30"]

1. e4 c5 2. Nf3 d6 3. Bb5+ Nd7 4. O-O a6 5. Bd3 g6 6. c3 Bg7 7. Bc2 b6 8. d4 Bb7 9. Re1 Qc7 10. Nbd2 e6 11. dxc5 Qxc5 12. Nb3 Qc7 13. Nbd4 Ne7 14. Ng5 Bf6 15. Ngxe6 fxe6 16. Nxe6 Qc6 17. Bf4 Nc5 18. Nd4 Qd7 19. Nf5 gxf5 20. Qh5+ Kd8 21. Rad1 d5 22. Qf7 Qe6 23. Qh5 fxe4 24. f3 Ng6 25. Bg3 Be5 26. f4 Nxf4 27. Bxf4 Bxf4 28. Qh4+ Qe7 29. Qxf4 Rf8 30. Qg4 Nd7 31. Bxe4 dxe4 32. Rxd7+ Qxd7 33. Rd1 Bd5 34. Qg5+ Kc7 35. Rxd5 Qf7 36. Qg3+ Kb7 37. Rd1 Rad8 38. Re1 Rd2 0-1

[Event "23rd ETCC Women 2021"]
[Site "Catez"]
[Date "2021.11.15"]
[Round "4.58"]
[White "Kolaric, Spela"]
[Black "Teuschler, Barbara"]
[Result "1/2-1/2"]
[ECO "B22"]
[WhiteElo "2178"]
[BlackElo "2115"]
[Annotator "NA"]
[PlyCount "72"]
[EventDate "2021.11.08"]
[EventType "team-tourn"]
[EventCountry "SLO"]
[SourceTitle "playchess.com"]
[Source "ChessBase"]
[SourceQuality "1"]
[WhiteTeam "Slovenia"]
[BlackTeam "Austria"]
[WhiteTeamCountry "SLO"]
[BlackTeamCountry "AUT"]
[TimeControl "40/5400+30:1800+30"]

1. e4 c5 2. c3 Nf6 3. e5 Nd5 4. d4 cxd4 5. Nf3 e6 6. cxd4 d6 7. Bc4 Nc6 8. O-O Be7 9. Qe2 O-O 10. Nc3 Nxc3 11. bxc3 dxe5 12. dxe5 b6 13. Qe4 Qc7 14. Re1 Bb7 15. Bd3 g6 16. Ng5 Nb4 17. Qe2 Nxd3 18. Qxd3 Rac8 19. Qh3 h5 20. Bd2 Rfd8 21. Qe3 Qc6 22. Nf3 Rd7 23. Red1 Rcd8 24. Qe2 Qe4 25. Qxe4 Bxe4 26. Nd4 Bc5 27. Be3 Bb7 28. Re1 Bxd4 29. cxd4 Rc8 30. Rac1 Rdc7 31. Rxc7 Rxc7 32. Rc1 Rxc1+ 33.
Bxc1 Kf8 34. f3 Ke8 35. Kf2 Kd7 36. Ke3 Bd5 1/2-1/2

[Event "23rd ETCC Women 2021"]
[Site "Catez"]
[Date "2021.11.15"]
[Round "4.59"]
[White "Froewis, Annika"]
[Black "Ruzic, Pia Marie"]
[Result "1/2-1/2"]
[ECO "C06"]
[WhiteElo "2079"]
[BlackElo "2049"]
[Annotator "NA"]
[PlyCount "94"]
[EventDate "2021.11.08"]
[EventType "team-tourn"]
[EventCountry "SLO"]
[SourceTitle "playchess.com"]
[Source "ChessBase"]
[SourceQuality "1"]
[WhiteTeam "Austria"]
[BlackTeam "Slovenia"]
[WhiteTeamCountry "AUT"]
[BlackTeamCountry "SLO"]
[TimeControl "40/5400+30:1800+30"]

1. e4 e6 2. d4 d5 3. Nd2 Nf6 4. e5 Nfd7 5. Bd3 c5 6. c3 Nc6 7. Ne2 f6 8. exf6 Nxf6 9. Nf3 cxd4 10. cxd4 Bd6 11. O-O O-O 12. Bg5 Bd7 13. Bh4 Be8 14. Ng3 Bxg3 15. hxg3 Bh5 16. Bb5 Qb6 17. Bxc6 Qxc6 18. Bxf6 Bxf3 19. gxf3 Rxf6 20. f4 Qb6 21. Qd3 Rc8 22. b3 Rc6 23. Kg2 Rh6 24. Rac1 Qc7 25. Qb5 Rg6 26. Rxc6 bxc6 27. Qd3 Rf6 28. Rc1 Qb6 29. Rc5 Rf7 30. a3 g6 31. b4 a6 32. Qe3 Re7 33.
g4 h5 34. gxh5 gxh5 35. Qe5 Qc7 36. Kf3 Qd7 37. Qxh5 Rh7 38.
Qg5+ Rg7 39. Qe5 Qe8 40. Ke3 Rg1 41. Qf6 Qh5 42. Qxe6+ Kf8 43. Kd2 Qd1+ 44. Kc3 Qa1+ 45. Kb3 Qd1+ 46. Kc3 Qa1+ 47. Kb3 Qd1+ 1/2-1/2

[Event "23rd ETCC Women 2021"]
[Site "Catez"]
[Date "2021.11.15"]
[Round "4.60"]
[White "Hercog, Nusa"]
[Black "Mayrhuber, Nikola"]
[Result "0-1"]
[ECO "E14"]
[WhiteElo "1983"]
[BlackElo "2091"]
[Annotator "NA"]
[PlyCount "78"]
[EventDate "2021.11.08"]
[EventType "team-tourn"]
[EventCountry "SLO"]
[SourceTitle "playchess.com"]
[Source "ChessBase"]
[SourceQuality "1"]
[WhiteTeam "Slovenia"]
[BlackTeam "Austria"]
[WhiteTeamCountry "SLO"]
[BlackTeamCountry "AUT"]
[TimeControl "40/5400+30:1800+30"]

1. d4 e6 2. c4 Nf6 3. Nf3 Bb4+ 4. Nbd2 b6 5. a3 Bxd2+ 6. Qxd2 Bb7 7. e3 a5 8. b3 O-O 9. Be2 d6 10. O-O Nbd7 11. Bb2 Qe7 12. Rfd1 Ne4 13. Qc2 f5 14. Bd3 Ng5 15. Nxg5 Qxg5 16. e4 Rf6 17. Bc1 f4 18. f3 Rh6 19. Qf2 Rf8 20. Kh1 Qh5 21. h3 e5 22. Bb2 Bc8 23.
Kg1 Rg6 24. Kf1 Rg3 25. Ke2 Qg5 26. Rg1 exd4 27. Bxd4 Ne5 28. Bc2 a4 29. Rad1 axb3 30. Bxb3 Kh8 31. Bxe5 Qxe5 32. Kf1 Qc3 33. Qc2 Rxf3+ 34. gxf3 Bxh3+ 35. Rg2 Qxf3+ 36. Kg1 Bxg2 37. Re1 Bh3 38. Re2 Qg3+ 39. Kh1 f3 0-1

[Event "23rd ETCC Women 2021"]
[Site "Catez"]
[Date "2021.11.16"]
[Round "5.1"]
[White "Lagno, Kateryna"]
[Black "Brunello, Marina"]
[Result "1-0"]
[ECO "B92"]
[WhiteElo "2550"]
[BlackElo "2359"]
[Annotator "ChessBase"]
[PlyCount "101"]
[EventDate "2021.11.08"]
[EventType "team-tourn"]
[EventCountry "SLO"]
[SourceTitle "playchess.com"]
[Source "ChessBase"]
[SourceQuality "1"]
[WhiteTeam "Russia"]
[BlackTeam "Italy"]
[WhiteTeamCountry "RUS"]
[BlackTeamCountry "ITA"]
[TimeControl "40/5400+30:1800+30"]

1. e4 c5 2. Nf3 d6 3. d4 cxd4 4. Nxd4 Nf6 5. Nc3 a6 6. Be2 e5 7. Nb3 Be7 8. O-O O-O 9. Qd3 Be6 10. Bd2 Nbd7 11. Nd5 Bxd5 12. exd5 a5 13. a4 Qc7 14. Rac1 Rfe8 15. Rfd1 Bf8 16. Be1 Qd8 17. Qh3 g6 18. Bb5 Re7 19. Qh4 Bg7 20. Bd2 e4 21. h3 Re5 22. Bf4 Rh5 23.
Qg3 Ne5 24. Be2 Rf5 25. Qe3 h5 26. c4 Kh7 27. Rc3 Qe7 28.
Nd4 Rxf4 29. Qxf4 Bh6 30. Qh4 Ned7 31. Nb3 Qe5 32. f3 Bf4 33. fxe4 Nxe4 34. Rf3 Bh2+ 35. Kh1 f5 36. Rdd3 Ndf6 37. Nd4 Re8 38. Ne6 Kh6 39. Rde3 f4 40. Rxe4 Nxe4 41. Kxh2 Ng3 42. Qxf4+ Qxf4 43. Rxf4 Nxe2 44. Re4 Nc1 45. c5 Re7 46. c6 bxc6 47. dxc6 d5 48. Re3 d4 49. Re4 d3 50. c7 Re8 51. Rd4 1-0